 Dungeon Crawl Stone Soup version 0.17-a0-2098-gf59d6bc (webtiles) character file.

111 daawg the Cutter (level 5, -3/32 HPs)
             Began as a Kobold Berserker on Oct 17, 2015.
             Was a Believer of Trog.
             Slain by Grinder (6 damage)
             ... while paralysed by Grinder
             ... on level 4 of the Dungeon.
             The game lasted 00:26:01 (4072 turns).

daawg the Cutter (Kobold Berserker)                 Turns: 4072, Time: 00:26:01

Health: -3/32      AC:  3    Str: 16    XL:     5   Next: 15%
Magic:  5/5        EV:  3    Int:  5    God:    Trog [**....]
Gold:   172        SH:  0    Dex: 16    Spells: 0 memorised, 4 levels left

rFire  . . .     SeeInvis .     a - +0 short sword
rCold  . . .     Clarity  .     b - +0 animal skin
rNeg   . . .     SustAt   .     (shield restricted)
rPois  .         Gourm    .     o - +0 helmet
rElec  .         Spirit   .     (no cloak)
rCorr  .         Warding  .     (no gloves)
rMut   .         Stasis   .     (no boots)
MR     .....                    (no amulet)
Stlth  +.........               (no ring)
                                (no ring)

@: paralysed, not resistant to hostile enchantments, very unstealthy
A: carnivore 3
a: Burn Spellbooks, Berserk, Trog's Hand, Renounce Religion


You were on level 4 of the Dungeon.
You worshipped Trog.
Trog was pleased with you.
You were completely stuffed.

You visited 1 branch of the dungeon, and saw 4 of its levels.

You collected 172 gold pieces.

Inventory:

Hand Weapons
 a - a +0 short sword (weapon)
Armour
 b - a +0 animal skin (worn)
 o - a +0 helmet (worn)
Scrolls
 e - a scroll of teleportation {unknown}
 f - 2 scrolls of enchant armour {unknown}
 g - 2 scrolls of recharging {unknown}
 i - a scroll of blinking {unknown}
 k - a scroll of noise {unknown}
 l - 3 scrolls of amnesia {unknown}
 m - a scroll of random uselessness {unknown}
 q - 3 scrolls of identify {unknown}
Potions
 d - a potion of magic {unknown}
 h - 2 potions of curing {unknown}
 p - a potion of ambrosia {unknown}
Books
 r - a book of Fire

   Spells                             Type                      Level
   a - Ignite Poison                  Fire/Transmutation/Poison    3
   b - Fireball                       Conjuration/Fire             5
   c - Bolt of Fire                   Conjuration/Fire             6
   d - Delayed Fireball               Conjuration/Fire             7
   e - Ring of Flames                 Charms/Fire                  7
   Trog disapproves of the use of such an item.
Comestibles
 c - 2 chunks of flesh
 j - 2 beef jerkies
 n - a bread ration


   Skills:
 - Level 3.3 Fighting
 + Level 7.1 Short Blades
 - Level 1.5 Armour
 - Level 2.5 Dodging


You had 4 spell levels left.
You didn't know any spells.

Dungeon Overview and Level Annotations

Branches:
Dungeon (4/15)
 Temple: D:4-7

Altars:
Gozag
Yredelemnul

Annotations:
D:4 Grinder


Innate Abilities, Weirdness & Mutations

You are small and have problems with some larger weapons.
You are carnivorous and can eat meat at any time.


Message History

Grinder barely misses you.
Grinder gestures.
Grinder blinks!
You can move again.
Found a ring mail.
You see here a scroll labeled COEDEI QAESCHUKISA.
Grinder barely misses you.
You hit Grinder but do no damage. Grinder hits you.
You barely miss Grinder.
Grinder gestures.
Grinder blinks!
Grinder gestures at you.
You suddenly lose the ability to move!
Grinder hits you.
You writhe in agony.
* * * LOW HITPOINT WARNING * * *
Grinder hits you but does no damage. Grinder hits you.
* * * LOW HITPOINT WARNING * * *
You writhe in agony.
You die...

##............###.#<##...#.#
..............###.####..##.#
..............#[... ....##.#
...........####.#.####.....#
..........(# #.#.# #######
$..........## #.#.#
..########..###...####
#...$?..(...# #.....@5....#
#....$......# #...........#
#.............
#...........## ####[###.##.#
#.. .# .# #. .# #


You could see Grinder.

Vanquished Creatures
  A scorpion (D:4)
  An adder (D:3)
  An adder skeleton (D:4)
  3 worms
  A giant gecko (D:4)
  An orc (D:3)
  A ball python (D:1)
  3 giant cockroaches
  4 goblins
  6 hobgoblins
  2 jackals (D:1)
  4 kobolds
  A quokka (D:3)
  5 bats
  5 giant newts
  3 rats
42 creatures vanquished.

Notes
Turn   | Place    | Note
--------------------------------------------------------------
     0 | D:1      | daawg the Kobold Berserker began the quest for the Orb.
     0 | D:1      | Reached XP level 1. HP: 14/14 MP: 1/1
   646 | D:1      | Reached XP level 2. HP: 13/19 MP: 2/2
   784 | D:1      | Reached skill level 5 in Short Blades
  1295 | D:2      | Reached XP level 3. HP: 23/23 MP: 3/3
  1456 | D:2      | Reached ** piety under Trog
  3046 | D:3      | Found a basalt altar of Yredelemnul.
  3046 | D:3      | Found an opulent altar of Gozag.
  3107 | D:3      | Reached skill level 6 in Short Blades
  3107 | D:3      | Reached XP level 4. HP: 17/28 MP: 4/4
  3813 | D:4      | Reached skill level 7 in Short Blades
  3813 | D:4      | Reached XP level 5. HP: 14/32 MP: 5/5
  4049 | D:4      | Noticed Grinder
  4057 | D:4      | Paralysed by Grinder for 5 turns
  4067 | D:4      | Paralysed by Grinder for 6 turns
  4072 | D:4      | Slain by Grinder

Vault maps used:
D:1:      dpeg_arrival_three_same_balls, roderic_greek_sauvastika
D:3:      gammafunk_temple_overflow_statue
D:4:      makhleb_altar_promises_db, first_bread, lemuel_angel_altar,
          uniq_grinder

Action                   |  1- 3 |  4- 6 || total
-------------------------+-------+-------++-------
Melee: Short sword       |   144 |    39 ||   183
 Stab: Sleeping          |     1 |     1 ||     2
  Eat: Chunk             |    12 |       ||    12
       Meat ration       |       |     1 ||     1
